 Dungeon Crawl Stone Soup version 0.25.1-1-g288607f5aa (webtiles) character file.

Game seed: 12329851802367558469

130207 Delamore the Warrior (level 17, -4/180 HPs)
             Began as a Gargoyle Fighter on July 22, 2020.
             Was the Champion of Okawaru.
             Slain by an eight-headed hydra (8 damage)
             ... on level 1 of the Swamp.
             The game lasted 00:42:06 (33497 turns).

Delamore the Warrior (Gargoyle Fighter)            Turns: 33497, Time: 00:42:06

Health: -4/180     AC: 39    Str: 30    XL:     17   Next: 7%
Magic:  22/22      EV:  5    Int: 12    God:    Okawaru [******]
Gold:   2827       SH: 20    Dex: 13    Spells: 16/16 levels left

rFire    + + .     SeeInvis +   e - +10 morningstar "Eos" {elec, Halo rElec}
rCold    + + .     Gourm    .   c - +0 kite shield
rNeg     + + +     Faith    .   n - +9 plate armour "Xoogam" {Dex+4}
rPois    ∞         Spirit   .   h - +0 hat {SInv}
rElec    +         Reflect  +   R - scarf {rC+ rF+}
rCorr    .         Harm     .   G - +0 pair of gloves
MR       +....                  W - +1 pair of boots {run}
Stlth    ..........             T - amulet of reflection
HPRegen  0.40/turn              s - +6 ring of strength
MPRegen  0.18/turn              C - ring "Dysus" {rF+ rC+ rN++}

@: berserking, grasped by roots, flying, glowing, constricted, very quick
A: big wings, negative energy resistance 1, electricity resistance, unbreathing,
petrification resistance, rot immunity, AC +12
a: Stop Flying, Heroism, Finesse, Renounce Religion


You were on level 1 of the Swamp.
You worshipped Okawaru.
Okawaru was exalted by your worship.
You were not hungry.

You visited 6 branches of the dungeon, and saw 27 of its levels.
You also visited: Ossuary, Gauntlet and Ice Cave.

You collected 3420 gold pieces.
You spent 593 gold pieces at shops.

Inventory:

Hand Weapons
 e - the +10 morningstar "Eos" (weapon) {elec, Halo rElec}
   (You acquired it in an ice cave)

   Occasionally, upon striking a foe, it will discharge some electrical energy
   and cause terrible harm.
   It insulates you from electricity.
 g - a +0 vorpal morningstar
Missiles
 a - 11 curare-tipped darts
 P - 4 throwing nets
 Q - 8 atropa-tipped darts (quivered)
 Z - 23 silver javelins
Armour
 c - a +0 kite shield (worn)
 h - a +0 hat of see invisible (worn)
 n - the +9 plate armour "Xoogam" (worn) {Dex+4}
   (Okawaru gifted it to you on level 1 of the Depths)

   It affects your dexterity (+4).
 G - a +0 pair of gloves (worn)
 R - a scarf of resistance (worn)
 W - a +1 pair of boots of running (worn)
Jewellery
 r - an uncursed ring of resist corrosion
 s - a +6 ring of strength (left hand)
 C - the ring "Dysus" (right hand) {rF+ rC+ rN++}
   (You found it on level 4 of the Lair of Beasts)

   [ring of protection from cold]

   It protects you from fire.
   It protects you from cold.
   It greatly protects you from negative energy.
 T - an amulet of reflection (around neck)
Wands
 k - a wand of acid (8)
 m - a wand of polymorph (8)
 y - a wand of clouds (3)
 S - a wand of iceblast (8)
 U - a wand of flame (80)
 Y - a wand of disintegration (20)
Scrolls
 b - 6 scrolls of fear
 j - 4 scrolls of enchant weapon
 l - 2 scrolls of amnesia
 p - 12 scrolls of remove curse
 v - 2 scrolls of immolation
 w - 29 scrolls of teleportation
 x - a scroll of holy word
 A - 6 scrolls of identify
 B - 6 scrolls of fog
 D - 8 scrolls of enchant armour
 F - 2 scrolls of blinking
Potions
 d - 3 potions of might
 o - 2 potions of stabbing
 q - 4 potions of heal wounds
 u - 5 potions of haste
 z - 10 potions of curing
 H - a potion of mutation
 O - 4 potions of cancellation
Miscellaneous
 K - 2 phantom mirrors
Comestibles
 f - 58 rations


   Skills:
 - Level 18.6 Fighting
 - Level 16.0 Maces & Flails
 + Level 8.3 Armour
 - Level 15.0 Shields
 + Level 7.5 Invocations
 + Level 6.2 Evocations


You had 16 spell levels left.
You didn't know any spells.
Your spell library contained the following spells:

 Spells                   Type           Power        Failure   Level  Hunger
 Animate Skeleton         Necr           N/A          95%         1    ##.....
 Apportation              Tloc           #.....       95%         1    ##.....
 Beastly Appendage        Tmut           #.....       95%         1    ##.....
 Corona                   Hex            #......      95%         1    ##.....
 Freeze                   Ice            #...         95%         1    ##.....
 Magic Dart               Conj           #...         95%         1    ##.....
 Pain                     Necr           #...         95%         1    ##.....
 Sandblast                Erth           #.....       95%         1    ##.....
 Shock                    Conj/Air       #...         95%         1    ##.....
 Summon Small Mammal      Summ           #...         95%         1    ##.....
 Blink                    Tloc           N/A          98%         2    ###....
 Call Imp                 Summ           #.......     98%         2    ###....
 Passwall                 Tmut/Erth      #.......     98%         2    ###....
 Searing Ray              Conj           #.....       98%         2    ###....
 Slow                     Hex            #.......     98%         2    ###....
 Sticks to Snakes         Tmut           #.......     98%         2    ###....
 Conjure Flame            Conj/Fire      #.......     100%        3    ####...
 Dazzling Flash           Conj/Hex       #.....       100%        3    ####...
 Frozen Ramparts          Ice            #.....       100%        3    ####...
 Lesser Beckoning         Tloc           #.........   100%        3    ####...
 Mephitic Cloud           Conj/Pois/Air  #.......     100%        3    ####...
 Ozocubu's Armour         Chrm/Ice       #.......     100%        3    ####...
 Spectral Weapon          Hex/Chrm       #.......     100%        3    ####...
 Spider Form              Tmut/Pois      #.........   100%        3    ####...
 Stone Arrow              Conj/Erth      #.....       100%        3    ####...
 Vampiric Draining        Necr           #.........   100%        3    ####...
 Animate Dead             Necr           N/A          100%        4    #####..
 Fulminant Prism          Conj/Hex       #.........   100%        4    #####..
 Hailstorm                Conj/Ice       #.......     100%        4    #####..
 Ice Form                 Ice/Tmut       #.......     100%        4    #####..
 Iskenderun's Mystic Bla  Conj/Tloc      #.......     100%        4    #####..
 Olgreb's Toxic Radiance  Pois           #.......     100%        4    #####..
 Petrify                  Tmut/Erth      #.......     100%        4    #####..
 Summon Ice Beast         Ice/Summ       #.......     100%        4    #####..
 Agony                    Necr           #.......     100%        5    ######.
 Blade Hands              Tmut           #.........   100%        5    ######.
 Irradiate                Conj/Tmut      #.........   100%        5    ######.
 Lee's Rapid Deconstruct  Erth           #.........   100%        5    ######.
 Summon Mana Viper        Hex/Summ       #.......     100%        5    ######.
 Yara's Violent Unravell  Hex/Tmut       #.........   100%        5    ######.
 Haunt                    Necr/Summ      #.........   100%        7    #######
 Orb of Destruction       Conj           #.........   100%        7    #######
 Borgnjor's Revivificati  Necr           #.........   100%        8    #######
 Death's Door             Chrm/Necr      #.........   100%        8    #######
 Disjunction              Tloc           #.........   100%        8    #######
 Infestation              Necr           #.........   100%        8    #######
 Necromutation            Tmut/Necr      #.........   100%        8    #######


Dungeon Overview and Level Annotations

Branches:
Dungeon (15/15)            Temple (0/1) D:7            Lair (6/6) D:11
  Swamp (2/4) Lair:3       Spider (0/4) Lair:4        Slime (1/5) Lair:6
    Orc (2/2) D:11            Elf (0/3) Orc:2        Vaults (0/5) D:14
 Depths (1/5) D:15        Ossuary (visited)           IceCv (visited)
Gauntlet (visited)

Altars:
Ashenzari
Cheibriados
Elyvilon
Fedhas
Hepliaklqana
Makhleb
Nemelex Xobeh
Okawaru
Qazlal
Trog
Uskayaw
Zin
Jiyva

Shops:
D:8 (   D:13 (   Orc:2 [%*%

Annotations:
Lair:3 exclusion: 4 oklob plants
Swamp:1 Jorgrun


Innate Abilities, Weirdness & Mutations

You are resistant to torment.
Your stone body is resilient. (AC +12)
You are immune to poison.
Your large and strong wings let you fly indefinitely.
You resist negative energy. (rN+)
You are resistant to electric shocks. (rElec)
You can survive without breathing.
You are immune to petrification.
You are immune to rotting.


Message History

You block the eight-headed hydra's attack.
The eight-headed hydra completely misses you.
The eight-headed hydra bites you but does no damage.
The spriggan druid points at you and mumbles some strange words.
The stone arrow hits you!
* * * LOW HITPOINT WARNING * * *
Jorgrun mutters some incantations to himself.
Jorgrun hits you but does no damage.
* * * LOW HITPOINT WARNING * * *
The grasping roots constrict you! You block the spiny frog's attack.
A red film seems to cover your vision as you go berserk!
You feel yourself moving faster!
You feel mighty! The spiny frog barely misses you.
The eight-headed hydra bites you!
* * * LOW HITPOINT WARNING * * *
You block the eight-headed hydra's attack.
The eight-headed hydra bites you but does no damage.
You block the eight-headed hydra's attack. x3
The eight-headed hydra bites you but does no damage.
The eight-headed hydra bites you!
You die...

♣♣♣♣♣♣♣♣≈.≈≈≈≈≈.≈.........≈≈♣
♣♣..♣≈≈♣..≈≈≈≈≈≈≈.≈≈..≈≈.≈≈♣♣
♣≈..≈.♣♣♣♣≈≈≈≈≈.♣.≈≈.≈≈≈♣≈♣♣
♣♣♣≈.≈♣♣♣♣......≈...♣♣♣♣♣♣♣
♣♣≈)♣≈≈....≈≈≈≈≈≈≈§§≈♣♣ ♣
♣≈≈≈♣..≈≈....≈≈≈≈≈≈≈..♣ ♣
♣≈.≈.≈≈≈≈...≈≈≈≈≈≈≈≈≈.♣ ♣♣♣
♣♣...≈≈≈....≈≈≈Fig≈≈≈.♣ ♣♣≈.
♣≈..≈≈≈....≈≈≈F@≈≈≈≈≈♣♣♣ ♣≈≈.
♣♣♣..≈≈.≈≈≈≈≈≈≈D≈≈≈≈≈♣≈♣♣ ♣♣..
♣♣♣.≈≈..≈.≈≈≈≈≈≈≈≈≈...≈♣ ♣♣♣.≈
♣♣♣≈..≈...≈.≈≈≈≈≈≈≈≈...§≈♣♣♣♣≈...
♣..≈≈≈≈≈≈≈≈..≈≈≈≈≈≈≈≈..≈≈.♣♣..≈..
♣.≈≈.≈≈≈≈≈.≈...≈.≈§..≈.♣.♣♣≈.≈≈.)
♣≈..§....).≈≈≈.....♣.♣♣[..♣.....≈
♣♣..........♣.♣<≈♣≈≈..♣♣..♣....≈≈
♣≈...≈≈≈..≈.♣♣≈≈♣♣.≈≈≈≈♣.....♣♣..


You could see Jorgrun, an eight-headed hydra, a spriggan druid and 2 spiny
frogs.

Vanquished Creatures
  Rupert (D:12)
  2 liches (Depths:1)
  Frances (Swamp:1)
  A fire giant (Depths:1)
  Louise (D:15)
  A frost giant (Depths:1)
  The ghost of Vruhak the Bludgeoner, a journeyman GrFi of Hepliaklqana (Orc:2)
  2 very ugly things (Depths:1)
  3 stone giants
  An entropy weaver (shapeshifter) (Depths:1)
  A minotaur (Gauntlet)
  An ettin (Depths:1)
  A blizzard demon (Gauntlet)
  2 fire dragons (Depths:1)
  A great orb of eyes (Depths:1)
  A yaktaur captain (Depths:1)
  Harold (D:7)
  A rakshasa (D:12)
  8 hydras
  4 catoblepae
  2 dancing weapons (D:14)
  5 centaur warriors
  3 two-headed ogres
  A deep troll earth mage (Depths:1)
  6 death yaks (Lair:6)
  2 alligators (Swamp:1)
  A vampire mage (Depths:1)
  4 tengu warriors
  2 orc high priests
  Nergalle (Lair:3)
  A fire crab (shapeshifter) (D:14)
  A death drake (Gauntlet)
  5 unseen horrors
  2 swamp dragons (Swamp:1)
  2 glowing orange brains
  Pikel (D:4)
  An orc knight (D:15)
  4 deep elf magi
  24 ugly things
  A wolf spider (D:14)
  4 orc sorcerers
  3 manticores
  7 cyclopes
  15 elephants
  2 moths of wrath (Orc:2)
  Joseph (D:7)
  4 black mambas
  2 ice statues (IceCv)
  3 centaur skeletons
  18 spiny frogs
  2 gargoyles
  A rime drake (Lair:5)
  Maggie (D:8)
  9 komodo dragons
  8 yaktaurs
  2 efreet (D:15)
  4 polar bears
  A tengu conjurer (D:14)
  3 tyrant leeches (Swamp:1)
  A meliai (shapeshifter) (D:15)
  A jumping spider (shapeshifter) (D:14)
  2 trolls
  A hornet (shapeshifter) (D:15)
  2 meliai zombies
  2 hornets
  10 slime creatures
  3 bog bodies
  7 blink frogs
  7 hippogriffs
  A spriggan (Swamp:1)
  2 wyverns (D:15)
  3 shadows
  4 wraiths
  59 yaks
  2 basilisks
  A vampire (D:15)
  2 hungry ghosts (D:7)
  4 vampire mosquitoes
  6 swamp worms
  6 wargs (Orc:2)
  An acid dragon (D:14)
  Duvessa (D:6)
  15 porcupines
  A porcupine (shapeshifter) (D:12)
  3 sky beasts
  9 water moccasins
  32 orc warriors
  4 swamp drakes (Swamp:1)
  2 hornet zombies
  11 ice beasts
  A black bear (shapeshifter) (D:15)
  2 black bears
  An eye of draining (D:14)
  A necrophage (D:4)
  4 phantoms
  10 ogres
  A wolf (shapeshifter) (D:15)
  4 centaurs
  5 wolves (Lair:6)
  11 crocodiles
  3 big kobolds
  A wyvern zombie (D:14)
  18 bullfrogs
  Dowan (D:6)
  A water moccasin skeleton (D:10)
  2 wyvern skeletons (D:14)
  2 scorpions
  3 killer bees (D:9)
  14 wights
  An electric eel (Lair:3)
  A howler monkey (D:5)
  9 crimson imps
  6 bullfrog zombies
  A quasit (D:8)
  5 centaur zombies
  7 jellies
  2 hounds
  16 orc priests
  30 orc wizards
  Natasha (twice) (D:4)
  3 bullfrog skeletons
  Jessica (D:2)
  4 iguanas
  10 worker ants
  6 hound zombies
  14 mummies (Ossuary)
  2 howler monkey zombies (Ossuary)
  2 worker ant zombies (Ossuary)
  15 adders
  10 gnolls
  7 shadow imps
  2 white imps (Gauntlet)
  An ooze (D:1)
  2 adder zombies (Ossuary)
  An adder skeleton (D:7)
  3 worms
  2 dart slugs
  A leopard gecko (D:3)
  94 orcs
  3 ball pythons
  5 giant cockroaches
  3 goblins
  8 hobgoblins
  10 jackals
  5 quokkas
  9 bats
  5 frilled lizards (D:3)
  A giant cockroach zombie (D:6)
  A jackal zombie (D:5)
  9 kobolds
  A leopard gecko skeleton (D:6)
  4 leopard gecko zombies (Ossuary)
  2 quokka skeletons
  7 rats
  A plant (Lair:6)
818 creatures vanquished.

Vanquished Creatures (others)
  A deep elf mage (D:15)
  An ugly thing (IceCv)
  A bog body (Swamp:1)
  Eustachio (D:4)
  A swamp worm (Swamp:1)
  A swamp drake (Swamp:1)
  A bullfrog (D:15)
  A scorpion (D:4)
  A crimson imp (D:10)
  Natasha (D:4)
  A hound skeleton (D:4)
  A howler monkey skeleton (D:4)
  A dart slug (D:4)
  A ball python (D:4)
  A giant cockroach (D:4)
  A leopard gecko skeleton (D:4)
  3 fungi
  14 plants
  A withered plant (Gauntlet)
34 creatures vanquished.

Grand Total: 852 creatures vanquished

Notes
Turn   | Place    | Note
-------+----------+-------------------------------------------
     0 | D:1      | Delamore the Gargoyle Fighter began the quest for the Orb.
     0 | D:1      | Reached XP level 1. HP: 14/14 MP: 1/1
   409 | D:1      | Reached XP level 2. HP: 18/19 MP: 2/2
   928 | D:2      | Reached XP level 3. HP: 23/23 MP: 3/3
  1148 | D:2      | Found a bloodstained altar of Trog.
  1232 | D:2      | Reached XP level 4. HP: 28/28 MP: 4/4
  1372 | D:2      | Noticed Jessica
  1390 | D:2      | Killed Jessica
  1683 | D:2      | Reached skill level 5 in Maces & Flails
  1686 | D:2      | Found a burning altar of Makhleb.
  1797 | D:3      | Reached XP level 5. HP: 29/32 MP: 5/5
  2814 | D:4      | Reached XP level 6. HP: 32/37 MP: 6/6
  2880 | D:4      | Noticed a necrophage
  2897 | D:4      | Killed a necrophage
  2961 | D:4      | Noticed Eustachio
  3074 | D:4      | Noticed a slave
  3074 | D:4      | Noticed a slave
  3074 | D:4      | Noticed Pikel
  3080 | D:4      | Noticed a slave
  3128 | D:4      | Killed Pikel
  3128 | D:4      | Reached XP level 7. HP: 8/41 MP: 7/7
  3158 | D:4      | Killed Eustachio
  3158 | D:4      | Reached XP level 8. HP: 8/46 MP: 8/8
  3570 | D:4      | Found an iron altar of Okawaru.
  3622 | D:4      | Noticed Natasha
  3633 | D:4      | Killed Natasha
  3647 | D:4      | Noticed Natasha
  3656 | D:4      | Killed Natasha
  3694 | D:4      | Became a worshipper of Warmaster Okawaru
  3809 | D:4      | Found a glowing silver altar of Zin.
  3819 | D:4      | Killed Natasha
  3822 | D:4      | Found a white marble altar of Elyvilon.
  4039 | D:4      | Found a snail-covered altar of Cheibriados.
  4066 | D:5      | Entered Level 5 of the Dungeon
  4163 | D:5      | Reached skill level 10 in Maces & Flails
  4285 | D:5      | Found a blossoming altar of Fedhas.
  5151 | D:6      | Noticed Dowan
  5153 | D:6      | Noticed Duvessa
  5167 | D:5      | HP: 2/46 [ogre/+0 giant spiked club (23)]
  5464 | D:5      | Reached * piety under Okawaru
  5464 | D:5      | Reached XP level 9. HP: 31/51 MP: 9/9
  5664 | D:6      | Killed Duvessa
  5665 | D:6      | Killed Dowan
  5920 | D:6      | Found a hide-covered altar of Uskayaw.
  6006 | D:6      | Reached ** piety under Okawaru
  6006 | D:6      | Reached skill level 5 in Shields
  6407 | D:7      | Found a staircase to the Ecumenical Temple.
  6551 | D:7      | Found a sand-covered staircase.
  6559 | Ossuary  | Entered an ossuary
  6589 | Ossuary  | Reached XP level 10. HP: 54/56 MP: 10/10
  7216 | D:7      | Reached *** piety under Okawaru
  7249 | D:7      | Noticed Joseph
  7286 | D:7      | Killed Joseph
  7549 | D:7      | Found a hazy altar of Hepliaklqana.
  7672 | D:7      | Noticed Harold
  7703 | D:7      | Killed Harold
  7703 | D:7      | Reached skill level 10 in Shields
  7940 | D:7      | Found a shattered altar of Ashenzari.
  8222 | D:8      | Noticed Maggie
  8239 | D:8      | Killed Maggie
  8314 | D:8      | Reached **** piety under Okawaru
  8463 | D:8      | Found Plog's Weapon Shoppe.
  8487 | D:8      | Bought 3 atropa-tipped darts for 23 gold pieces
  8796 | D:9      | Noticed a deep elf mage
  8810 | D:9      | Killed a deep elf mage
  9058 | D:9      | Found a sparkling altar of Nemelex Xobeh.
  9257 | D:9      | Reached XP level 11. HP: 55/60 MP: 11/11
  9600 | D:9      | Noticed a two-headed ogre
  9627 | D:9      | Killed a two-headed ogre
  9875 | D:10     | Entered Level 10 of the Dungeon
 10083 | D:10     | Reached ***** piety under Okawaru
 10646 | D:10     | Received a gift from Okawaru
 11292 | D:11     | Noticed a cyan ugly thing
 11310 | D:11     | Killed a cyan ugly thing
 11338 | D:11     | Noticed a cyan ugly thing
 11363 | D:11     | Killed a cyan ugly thing
 11538 | D:11     | Noticed a brown ugly thing
 11567 | D:11     | Killed a brown ugly thing
 11791 | D:11     | Found a staircase to the Lair.
 11917 | D:11     | Received a gift from Okawaru
 11937 | D:11     | Found a staircase to the Orcish Mines.
 12037 | D:11     | Noticed a green ugly thing
 12072 | D:11     | Killed a green ugly thing
 12072 | D:11     | Reached skill level 15 in Shields
 12072 | D:11     | Reached skill level 4 in Fighting
 12122 | D:11     | Found a stormy altar of Qazlal.
 12479 | Lair:1   | Entered Level 1 of the Lair of Beasts
 12507 | Lair:1   | Reached skill level 5 in Fighting
 12713 | Lair:1   | Reached XP level 12. HP: 69/69 MP: 12/12
 12819 | Lair:1   | Reached skill level 6 in Fighting
 13016 | Lair:1   | Reached skill level 7 in Fighting
 13487 | Lair:1   | Reached skill level 8 in Fighting
 14173 | Lair:2   | Reached skill level 9 in Fighting
 14200 | Lair:2   | Noticed a catoblepas
 14242 | Lair:2   | Killed a catoblepas
 14575 | Lair:2   | Reached ****** piety under Okawaru
 14580 | Lair:2   | Reached skill level 10 in Fighting
 14953 | Lair:3   | Received a gift from Okawaru
 14998 | Lair:3   | Noticed a five-headed hydra
 15008 | Lair:3   | Killed a five-headed hydra
 15350 | Lair:3   | Noticed a seven-headed hydra
 15350 | Lair:3   | Noticed a four-headed hydra
 15365 | Lair:3   | Killed a seven-headed hydra
 15365 | Lair:3   | Reached skill level 11 in Fighting
 15387 | Lair:3   | Killed a four-headed hydra
 15595 | Lair:3   | Reached skill level 12 in Fighting
 15926 | Lair:3   | Noticed Nergalle
 15946 | Lair:3   | Killed Nergalle
 15946 | Lair:3   | Reached XP level 13. HP: 87/87 MP: 13/13
 16317 | Lair:3   | Found a staircase to the Swamp.
 16715 | Lair:4   | Reached skill level 13 in Fighting
 17569 | Lair:4   | Reached skill level 14 in Fighting
 17601 | Lair:4   | Received a gift from Okawaru
 17611 | Lair:4   | Got a bone broad axe {god gift}
 17617 | Lair:4   | Got a wavering brass ring
 17619 | Lair:4   | Identified the ring "Dysus" {rF+ rC+ rN++} (You found it on
                  | level 4 of the Lair of Beasts)
 17622 | Lair:4   | Identified the +1 broad axe of Coyddylia {drain, rPois
                  | MR+++ Str-3} (Okawaru gifted it to you on level 4 of the
                  | Lair of Beasts)
 17783 | Lair:4   | Found a hole to the Spider Nest.
 19073 | Lair:5   | Reached skill level 15 in Fighting
 19843 | Lair:6   | Entered Level 6 of the Lair of Beasts
 19843 | Lair:6   | Found a viscous altar of Jiyva.
 19844 | Lair:6   | Found a staircase to the Slime Pits.
 19979 | Lair:6   | Received a gift from Okawaru
 20015 | Lair:6   | Identified a +1 pair of boots of running (Okawaru gifted it
                  | to you on level 6 of the Lair of Beasts)
 20250 | Lair:6   | Reached skill level 16 in Fighting
 20250 | Lair:6   | Gained mutation: Your large and strong wings let you fly
                  | indefinitely. [Gargoyle growth]
 20250 | Lair:6   | Reached XP level 14. HP: 81/100 MP: 14/14
 21322 | Lair:6   | Reached skill level 17 in Fighting
 21667 | Lair:6   | Received a gift from Okawaru
 21718 | Lair:6   | Got a steaming kite shield {god gift}
 21730 | Lair:6   | Identified the +1 kite shield "Bimeug" {rC- rN++ Str-5
                  | Int+8} (Okawaru gifted it to you on level 6 of the Lair of
                  | Beasts)
 22420 | Slime:1  | Entered Level 1 of the Pits of Slime
 22589 | Orc:1    | Entered Level 1 of the Orcish Mines
 23114 | Orc:2    | Entered Level 2 of the Orcish Mines
 23114 | Orc:2    | Found a staircase to the Elven Halls.
 23406 | Orc:2    | Found a transporter.
 23415 | Orc:2    | Reached skill level 18 in Fighting
 23460 | Orc:2    | Paralysed by an orc sorcerer for 3 turns
 23477 | Orc:2    | Paralysed by an orc sorcerer for 5 turns
 24021 | Orc:2    | Found a transporter.
 24095 | Orc:2    | Noticed Vruhak's ghost (journeyman GrFi)
 24224 | Orc:2    | Paralysed by an orc sorcerer for 7 turns
 24439 | Orc:2    | Found Biuj's General Store.
 24439 | Orc:2    | Found Zalaq's Armour Shoppe.
 24439 | Orc:2    | Found Faoqutih's Food Shoppe.
 24477 | Orc:2    | Found Ygorgho's Food Emporium.
 24483 | Orc:2    | Bought a scarf of resistance for 544 gold pieces
 24802 | Orc:2    | Killed Vruhak's ghost
 24833 | Orc:2    | Got a bloodstained ring mail
 24838 | Orc:2    | Got a smoking cloak
 25149 | Orc:2    | Identified the +0 cloak of Supple Strength {Int+3 Dex+4}
                  | (You found it on level 2 of the Orcish Mines)
 25159 | Orc:2    | Identified the +1 ring mail "Ateig" {-Tele rElec rN+ Dex+8}
                  | (You found it on level 2 of the Orcish Mines)
 25229 | Orc:2    | Identified a scroll of acquirement
 25239 | Orc:2    | Bought a scroll of identify for 26 gold pieces
 25239 | Orc:2    | Acquired 560 gold pieces
 25331 | D:12     | Got a shimmering steel ring
 25340 | D:12     | Identified the ring of Pugh {*Slow rPois MP+9 Dex+4 Stlth+}
                  | (You found it on level 12 of the Dungeon)
 25612 | D:12     | Reached skill level 1 in Invocations
 25655 | D:12     | Reached skill level 1 in Evocations
 25681 | D:12     | Received a gift from Okawaru
 25996 | D:12     | Reached XP level 15. HP: 109/109 MP: 16/16
 26135 | D:12     | You fall into a shaft and drop 1 floor!
 26149 | D:13     | Found a frozen archway.
 26202 | IceCv    | Entered an ice cave
 26241 | IceCv    | Found a transporter.
 26259 | IceCv    | Found a transporter.
 26517 | IceCv    | Acquired the +10 morningstar "Eos" {elec, Halo rElec}
 26518 | IceCv    | Found the +10 morningstar "Eos" {elec, Halo rElec}
 26700 | D:13     | Noticed Rupert
 27111 | D:13     | Paralysed by Rupert for 6 turns
 27165 | D:12     | Killed Rupert
 27703 | D:13     | Found Vosm's Antique Weapon Emporium.
 27777 | D:13     | You fall into a shaft and drop 2 floors!
 27777 | D:15     | Entered Level 15 of the Dungeon
 27777 | D:15     | Noticed Louise
 28282 | D:14     | Found a gate to the Vaults.
 28339 | D:14     | Found a gate leading to a gauntlet.
 28348 | Gauntlet | Entered a Gauntlet
 28348 | Gauntlet | Found a transporter.
 28354 | Gauntlet | Found a transporter.
 28356 | Gauntlet | Found a transporter.
 28357 | Gauntlet | Found a transporter.
 28360 | Gauntlet | Found a transporter.
 28361 | Gauntlet | Found a transporter.
 28374 | Gauntlet | Found a transporter.
 28396 | Gauntlet | Found a transporter.
 28538 | Gauntlet | Got a shimmering golden amulet
 28579 | Gauntlet | Got a transparent turquoise ring
 28667 | Gauntlet | Got an encrusted cloak
 28684 | Gauntlet | Identified the +4 cloak of Durable Birdsong {rCorr Str+5}
                  | (You found it in a Gauntlet)
 28695 | Gauntlet | Identified the amulet of the Scavenger {Inacc Str+2 Int+2
                  | Dex+4} (You found it in a Gauntlet)
 28697 | Gauntlet | Identified the ring "Doemyat" {+Fly rElec rC- rN++ Stlth+}
                  | (You found it in a Gauntlet)
 28996 | D:14     | Received a gift from Okawaru
 29640 | D:14     | Reached skill level 15 in Maces & Flails
 29646 | D:14     | Received a gift from Okawaru
 29781 | D:14     | Identified Sif Muna's Tome of Entrancing Transformation
 29795 | D:14     | Identified Mecuosug's Tome of the Traveller
 29809 | D:14     | Identified the Tome of Noxious Conjuration
 29845 | D:14     | Reached XP level 16. HP: 116/116 MP: 18/18
 30404 | D:13     | Found a burning altar of Makhleb.
 31243 | D:15     | Reached skill level 5 in Armour
 31279 | D:15     | Killed Louise
 31279 | D:15     | Received a gift from Okawaru
 31327 | D:15     | Found a staircase to the Depths.
 31734 | Depths:1 | Entered Level 1 of the Depths
 31951 | Depths:1 | Reached skill level 5 in Invocations
 31953 | Depths:1 | Noticed a lich
 31957 | Depths:1 | Killed a lich
 32142 | Depths:1 | Noticed a lich
 32150 | Depths:1 | Killed a lich
 32150 | Depths:1 | Received a gift from Okawaru
 32150 | Depths:1 | Reached skill level 5 in Evocations
 32159 | Depths:1 | HP: 2/116 [stone giant (31)]
 32176 | Depths:1 | Got a polished plate armour {god gift}
 32198 | Depths:1 | Identified the +9 plate armour "Xoogam" {Dex+4} (Okawaru
                  | gifted it to you on level 1 of the Depths)
 32709 | Swamp:1  | Entered Level 1 of the Swamp
 32763 | Swamp:1  | Noticed Frances
 32785 | Swamp:1  | Killed Frances
 32785 | Swamp:1  | Reached XP level 17. HP: 76/120 MP: 22/22
 33476 | Swamp:2  | Noticed Jorgrun
 33497 | Swamp:1  | HP: 4/180 [eight-headed hydra (9)]
 33497 | Swamp:1  | Slain by an eight-headed hydra

Illustrated notes

Levels and vault maps discovered:
D:1:      onia_arrival_pyramid, layout_basic
D:2:      layout_basic, bloody_makhleb, bloody_trog, first_ration, uniq_jessica
D:3:      layout_loops_corners
D:4:      layout_loops_ring, nicolae_overflow_quartered_altars, uniq_natasha,
          uniq_eustachio, uniq_pikel
D:5:      layout_loops_cross, fedhas_altar_1
D:6:      layout_rooms, eat_drink_and_be_merry_uskayaw, hangedman_decor_growths,
          minmay_circle_x, uniq_duvessa
D:7:      layout_basic, ashenzari_conservatory_becter, kennysheep_mini_moat,
          minmay_temple_entry_stoned_glass, nicolae_ossuary_entry_plus,
          uniq_harold, uniq_joseph
D:8:      layout_rooms, serial_shops, nicolae_shop_waterfront, uniq_maggie
D:9:      layout_irregular_city, overflow_temple_1_default, blue_anna_alchemist
          [blue_anna_fruit_fields, blue_anna_fruit_fields]
D:10:     layout_loops_ring
D:11:     layout_roguey, david_lair_shrubbed, erik_orc_3, grunt_qazlal_clouds
D:12:     minmay_open_boxes_in_corner, layout_loops_ring, moated_statue,
          kennysheep_minor_cross
D:13:     layout_cave_pods, serial_shops, shop, portal_ice_cave_entry_pillars_2,
          basic_altar, uniq_rupert
D:14:     minmay_the_grid_square_5x5_4x4 [minmay_the_grid_square_5x5_comb,
          minmay_the_grid_square_5x5_lines,
          minmay_the_grid_square_5x5_three_walls,
          minmay_the_grid_square_5x5_inner_z,
          minmay_the_grid_square_5x5_doubleslash,
          minmay_the_grid_square_5x5_prize_junk,
          minmay_the_grid_square_5x5_prize_open,
          minmay_the_grid_square_5x5_forky,
          minmay_the_grid_square_5x5_trominoes,
          minmay_the_grid_square_5x5_prize_deathbox,
          minmay_the_grid_square_5x5_prize_snowflake,
          minmay_the_grid_square_5x5_shuriken,
          minmay_the_grid_square_5x5_moneybag,
          minmay_the_grid_square_5x5_three_small,
          minmay_the_grid_square_5x5_spiral_small,
          minmay_the_grid_square_5x5_three], layout_gridville, erik_vaults_1,
          chequers_hall_statues_y, gauntlet_entry_generic,
          kennysheep_nondescript
D:15:     gammafunk_enter_depths_forms, layout_rooms, uniq_louise
Lair:1:   layout_roguey, infiniplex_staircase_pool
Lair:2:   layout_roguey
Lair:3:   layout_loops_ring, nicolae_swamp_entry_splash_gauntlet,
          nicolae_quartered_pool_little, nzn_random_ring, serial_bayou_shore_a,
          minmay_lair_oklob_chamber, uniq_nergalle
Lair:4:   layout_hall_layers, spider_nest_entry_a, grunt_megastairs_1,
          serial_bayou_shore_b
Lair:5:   layout_layer_cave
Lair:6:   evilmike_catoblepas_cave, layout_misc_corridors, slime_altar_1,
          lemuel_fruit_tree, grunt_megastairs_3
Swamp:1:  layout_basic_swamp, evilmike_swamp_ruin_house_2, swamp_pool3,
          nicolae_swamp_fairy_circle, infiniplex_staircase_pool_2, uniq_frances
Swamp:2:  layout_basic_swamp, evilmike_swamp_ruin_rubble_2, swamp_pool1,
          nicolae_swamp_stair_fork, cheibrodos_swamp_kobolds, uniq_jorgrun
Slime:1:  layout_caves
Orc:1:    layout_caves
Orc:2:    st_orc_mages, layout_caves, gammafunk_ghost_berserking_beasts
Depths:1: hangedman_box_tower, layout_small_grid, serial_shops, shop,
          hellmouth_1, abyss_entry_small_statue_room, corexii_corridor_pit,
          chequers_serial_rivers_small_3, ebering_dispersal_statue_hall,
          hangedman_cracks_in_the_wall

Skill      XL: |  1  2  3  4  5  6  7  8  9 10 11 12 13 14 15 16 |
---------------+-------------------------------------------------+-----
Maces & Flails | 3 4 5 6 8 9 11 12 15 16 | 16.0
Shields        | 7 12 15 | 15.0
Fighting       | 5 12 16 18 | 18.6
Invocations    | 2 3 7 |  7.5
Evocations     | 1 2 6 |  6.2
Armour         | 4 8 |  8.3

Action                   |  1- 3 |  4- 6 |  7- 9 | 10-12 | 13-15 | 16-18 || total
-------------------------+-------+-------+-------+-------+-------+-------++-------
Melee: Flail             |    53 |       |       |       |       |       ||    53
       Whip              |    54 |   330 |   424 |  1587 |  2514 |       ||  4909
       Unarmed           |       |       |     9 |       |       |       ||     9
       Morningstar       |       |       |       |       |   187 |   344 ||   531
Throw: Javelin           |       |       |       |     3 |     8 |       ||    11
       Dart              |       |       |       |       |     7 |       ||     7
Invok: Heroism           |       |       |       |       |     3 |       ||     3
       Finesse           |       |       |       |       |     1 |       ||     1
 Abil: Fly               |       |       |       |       |       |     1 ||     1
Evoke: Wand              |       |       |       |       |     1 |       ||     1
  Use: Potion            |       |     1 |       |       |     5 |     4 ||    10
       Scroll            |       |       |     6 |     9 |    17 |     7 ||    39
 Stab: Petrified         |       |       |       |       |     9 |       ||     9
  Eat: Chunk             |       |     7 |    11 |    26 |    38 |     8 ||    90
       Ration            |       |       |     1 |     2 |     2 |     1 ||     6
Armor: Scale mail        |    36 |       |       |       |       |       ||    36
       Chain mail        |    31 |   169 |    40 |       |       |       ||   240
       Plate armour      |       |       |   135 |   376 |   826 |   201 ||  1538
       Skin              |       |       |     6 |       |       |       ||     6
Dodge: Dodged            |    36 |    73 |    99 |   189 |   295 |    61 ||   753
       Repelled          |       |       |       |       |     2 |       ||     2
Block: Kite shield       |     9 |       |       |   348 |  1740 |   311 ||  2408
       Buckler           |    13 |    45 |    49 |   165 |       |       ||   272
       Reflection        |       |       |       |    14 |    31 |    12 ||    57
